Map: World of Sleepers LE

Players

Manny - Winner!

  • Race: Zerg Zerg
  • League: Master
  • Spawn Location: 7:00

Mez

  • Race: Terran Terran
  • League: Master
  • Spawn Location: 1:00

VOD

Have the link to the VOD?

Description

Time

  • Played on: Sept. 5, 2019, 2:06 p.m.
  • Length: 6:33
Show
View Real Time Build Order
Export as new Build Order

Manny Zerg - Winner!

Build Orders: Pool First 

Get SALT Encoding   

  12  0:01  Drone  
  13  0:08  Drone  
  14  0:18  Overlord  
  14  0:30  Drone, Extractor  
  14  0:33  Extractor  
  14  0:36  Drone x2  
  16  0:51  Spawning Pool, Drone  
  16  0:59  Drone  
  18  1:18  Drone  
  18  1:26  Hatchery  
  17  1:38  Zergling x4  
  17  1:39  Metabolic Boost  
  19  1:46  Queen  
  21  1:50  Drone  
  22  1:56  Overlord  
  22  2:12  Overlord  
  22  2:14  Drone  
  23  2:22  Drone  
  24  2:23  Queen  
  26  2:41  Drone x2  
  26  2:42  Queen  
  26  2:43  Drone  
  30  2:57  Drone x4  
  33  2:59  Zergling x2  
  34  3:08  Drone  
  35  3:15  Zergling x2  
  36  3:25  Lair  
  36  3:27  Drone x2  
  38  3:36  Drone x2  
  40  3:43  Hatchery, Drone x2  
  40  3:45  Drone x2  
  40  3:46  Overlord  
  43  3:54  Extractor  
  43  3:55  Overlord, Drone  
  43  4:02  Overlord  
  43  4:04  Extractor  
  43  4:08  Overlord, Zergling x4  
  43  4:09  Drone  
  45  4:23  Drone x5  
  50  4:31  Baneling Nest, Drone x2  
  51  4:32  Spire  
  51  4:33  Drone  
  51  4:38  Extractor  
  51  4:39  Zergling x4  
  52  4:50  Drone x2  
  52  4:52  Overlord  
  54  4:53  Zergling x2  
  54  4:54  Spine Crawler  
  54  4:55  Drone  
  54  4:57  Drone  
  54  4:59  Zergling x2  
  57  5:01  Zergling x2  
  53  5:25  Zergling x8  
  53  5:26  Zergling x10  
  59  5:36  Zergling x8  
  59  5:39  Drone x3  
  63  5:49  Drone x3  
  59  5:51  Zergling x2  
  59  5:56  Zergling x2  
  59  6:03  Drone x2  
  57  6:13  Drone  
  57  6:18  Drone x3  
  60  6:23  Spore Crawler  
  60  6:25  Spore Crawler  
  61  6:28  Spore Crawler  
Show
View Real Time Build Order
Export as new Build Order

Mez Terran 

Build Orders: Liberator Opening, Reaper Expand 

Get SALT Encoding   

  12  0:00  SCV  
  13  0:12  SCV  
  14  0:17  Supply Depot  
  14  0:25  SCV  
  15  0:38  SCV  
  15  0:40  Barracks  
  16  0:43  Refinery  
  16  0:50  SCV  
  17  1:02  SCV  
  18  1:15  SCV  
  19  1:27  Reaper  
  19  1:28  Orbital Command  
  20  1:40  Command Center  
  20  1:49  Supply Depot  
  20  1:54  SCV  
  20  1:59  Marine  
  22  2:11  SCV  
  23  2:18  Factory  
  23  2:20  Refinery  
  23  2:21  Barracks Reactor  
  23  2:25  SCV  
  23  2:53  Orbital Command  
  23  3:04  SCV, Starport  
  24  3:09  Hellion x2  
  24  3:10  Barracks Tech Lab  
  28  3:16  SCV  
  28  3:18  SCV  
  30  3:20  Supply Depot  
  30  3:26  Liberator  
  30  3:28  SCV  
  30  3:29  Marine  
  30  3:30  SCV  
  33  3:36  Hellion x2  
  33  3:40  SCV  
  38  3:42  SCV  
  38  3:48  Marine  
  43  3:53  SCV  
  43  3:55  SCV  
  45  3:58  Hellion x2  
  49  4:04  Supply Depot  
  49  4:05  SCV  
  49  4:07  SCV  
  51  4:16  Marine  
  51  4:17  SCV  
  51  4:19  SCV  
  53  4:32  SCV x2  
  53  4:37  Starport Reactor, Stimpack  
  53  4:38  Marine  
  55  4:39  Factory Tech Lab, Barracks  
  55  4:41  Barracks  
  55  4:44  SCV x2  
  58  4:50  Command Center  
  58  4:57  Marine  
  58  4:59  Supply Depot  
  59  5:02  SCV x2  
  61  5:11  Engineering Bay  
  61  5:12  Engineering Bay  
  61  5:20  Marine  
  62  5:24  SCV x2  
  62  5:26  Starport Reactor  
  58  5:42  SCV x2  
  52  5:46  Marine x2  
  52  5:47  Marine x2  
  49  5:50  Cyclone  
  49  5:54  SCV x2  
  36  6:04  Marine  
  36  6:06  SCV x2  
  36  6:07  Supply Depot  
  36  6:09  Marine x2  
  39  6:14  Missile Turret  
  39  6:15  Missile Turret  
Tags
 
Add a new tag
Caveats
  • Supply blocks, unpowered buildings, or Contaminate may cause inaccurate times.
  • Supply counts are checked every 10 seconds.